 Dungeon Crawl Stone Soup version 0.29.0-15-g675c0067aa (webtiles) character file.

Game seed: 13213137432539597839

2 qw the Sneak (level 1, 0/14 HPs)
             Began as a Gargoyle Delver on Sept 11, 2022.
             Slain by an orc
             ... wielding a +0 hand axe
              (2 damage)
             ... on level 5 of the Dungeon.
             The game lasted 00:00:03 (278 turns).

qw the Sneak (Gargoyle Delver)                       Turns: 278, Time: 00:00:03

Health: 0/14       AC:  5    Str: 15    XL:     1   Next: 40%
Magic:  1/1        EV: 11    Int: 10    God:
Gold:   0          SH:  0    Dex: 11    Spells: 0/0 levels left

rFire   . . .      SeeInvis .   a - +0 hand axe
rCold   . . .      Faith    .   (no shield)
rNeg    + . .      Spirit   .   b - +0 leather armour
rPois   inf        Reflect  .   (no helmet)
rElec   +          Harm     .   (no cloak)
rCorr   .          Rampage  .   (no gloves)
Will    .....                   (no boots)
Stlth   +++.......              (no amulet)
HPRegen 0.04/turn               (no ring)
MPRegen 0.07/turn               (no ring)

@: no status effects
A: sickness immunity, AC +2, negative energy resistance 1, electricity
resistance, torment resistance 1, petrification resistance
a: no special abilities


You were on level 5 of the Dungeon.
You visited 1 branch of the dungeon, and saw 1 of its levels.


Innate Abilities, Weirdness & Mutations

You are immune to sickness and miasma.
Your stone body is resilient. (AC +2)
You are immune to poison.
You resist negative energy. (rN+)
You are resistant to electric shocks. (rElec)
You are resistant to unholy torment.
You are immune to petrification.


   Skills:
 - Level 3.2 Fighting
 + Level 2.0 Axes
 - Level 1.5 Dodging
 - Level 5.4 Stealth


You couldn't memorise any spells.
You didn't know any spells.
Your spell library was empty.

Inventory:

Hand Weapons
 a - a +0 hand axe (weapon)
Armour
 b - a +0 leather armour (worn)
Wands
 g - a wand of digging (3)
Scrolls
 c - a scroll of fog
 d - a scroll of magic mapping
 e - a scroll of fear
 h - 3 scrolls of brand weapon {unknown}
Potions
 f - a potion of haste
 i - a potion of mutation {unknown}

Dungeon Overview and Level Annotations

Branches:
Dungeon (5/15)
 Temple: D:4-7

Altars:

Annotations:
D:5 1 runed translucent door, Crazy Yiuf


Message History

You see here 5 stones.
i - a sapphire potion You open the door.
There is an open door here.
As you open the door, it creaks loudly!
There is an open door here.
As you open the door, it creaks loudly!
You hear a shout! x2
A kobold comes into view. It is wielding a +0 short sword.
An orc comes into view. It is wielding a +0 hand axe.
The orc shouts!
Found a rapier and 7 stones.
You barely miss the kobold. The kobold misses you.
You hit the kobold.
You kill the kobold!
You miss the kobold.
The kobold hits you but does no damage. x2
Your Axes skill increases to level 2!
You hit the orc.
The orc is lightly wounded.
You closely miss the kobold. The orc hits you with a +0 hand axe.
The kobold hits you with a +0 short sword.
You closely miss the orc.
The orc is lightly wounded.
You closely miss the kobold. The orc barely misses you.
The kobold hits you with a +0 short sword.
You barely miss the orc.
The orc is lightly wounded.
You hit the kobold.
You kill the kobold!
The orc hits you but does no damage.
You hit the orc.
The orc is heavily wounded.
The orc hits you with a +0 hand axe.
You closely miss the orc.
The orc is heavily wounded.
The orc hits you with a +0 hand axe. x2
You die...

#.........##
..........>..##########
......................#
......................#
.........####..####...#
#+##.P####. ####.(#...#
#+# #. #..'...# #'##
#..#..##
#+##.@##+##'#P.#
#....o)..#..#..#
.....##'##.'..#..# ..##
...#.#####.# . ..)#..#
.# #.(.#..+ .# #####.##
..# ..+


You could see an orc.

Vanquished Creatures
  A hobgoblin (D:5)
  2 kobolds (D:5)
3 creatures vanquished.

Notes
Turn   | Place    | Note
-------+----------+-------------------------------------------
     0 | D:5      | qw the Gargoyle Delver began the quest for the Orb.
     0 | D:5      | Reached XP level 1. HP: 14/14 MP: 1/1
     0 | D:5      | 0 ||| qw: Version: 0.1-a-118-gb4e7ce6
     0 | D:5      | 0 ||| qw: Game counter: 10395
     0 | D:5      | 0 ||| qw: Always use a shield: true
     0 | D:5      | 0 ||| qw: God list: Okawaru
     0 | D:5      | 0 ||| qw: Allow faded altars: false
     0 | D:5      | 0 ||| qw: Do Orc after D:15 true
     0 | D:5      | 0 ||| qw: Do second Lair branch before Depths: true
     0 | D:5      | 0 ||| qw: Lair rune preference: random
     0 | D:5      | 0 ||| qw: Plans: Normal
     0 | D:5      | 0 ||| PLANNING D:1-11
    13 | D:5      | Found a runed translucent door.
    14 | D:5      | Noticed Crazy Yiuf
   278 | D:5      | HP: 2/14 [orc/+0 hand axe (4)]
   278 | D:5      | Slain by an orc

Levels and vault maps discovered:
D:5:      corexii_shantytown, layout_rooms, okawaru_ov_weapons_minmay,
          temple_doors_e, gammafunk_ghost_necromancy, hangedman_decor_points,
          minmay_small_thing, uniq_crazy_yiuf_cottage, uniq_blork_the_orc,
          uniq_eustachio

Skill      XL: |  1 |
---------------+----+-----
Axes           | 2 |  2.0
Fighting       | |  3.2
Dodging        | |  1.5
Stealth        | |  5.4

Action                   || total
-------------------------++-------
Melee: Hand axe          ||    15
Armor: Leather armour    ||     6
Dodge: Dodged            ||     5

Table legend:
 A = Non-vault XP
 B = Vault XP
 C = Vault XP percentage of total XP
 D = Non-vault monster count
 E = Vault monster count
 F = Vault count percentage of total count
                 A         B        C        D         E       F
            +---------+---------+-------+---------+---------+-------
      Total |       0 |       4 | 100.0 |       0 |       3 | 100.0
            +---------+---------+-------+---------+---------+-------
        D:5 |       0 |       4 | 100.0 |       0 |       3 | 100.0
            +---------+---------+-------+---------+---------+-------
